Match 46876140
Unlisted

Match 46876140
End
Kradschützen Motorcycle Team
Selects Italian Combined Arms Battlegroup
Selects Italian Combined Arms Battlegroup
Selects Italian Combined Arms Battlegroup
Selects Bersaglieri Squad
Bersaglieri Squad
250 Light Carrier
Bersaglieri Squad
Construct Light Support Kompanie
Selects Bersaglieri Bolster
Fire Support Elements
Flakvierling Half-track
Vehicle Survival Package
Panzerjäger Mechanized Group
Combat Half-tracks
Flakvierling Half-track
Selects Breda Model 30 Light Machine Guns
Construct Mechanized Kompanie
Selects Semovente da 75/18 Assault Gun
Selects Carro Armato M13/40 Light Tank
Carro Armato M13/40 Light Tank
Emergency Repair Kits
254 Reconnaissance Tractor
Marder III Tank Destroyer
Flakvierling Half-track
Rapid Advance
Selects Pact of Steel
水银灯
유파_Yupa
Mr.Faraam
traat
CommieKillerz
佛系玩家
Jaco
insanepiglet
0
0

Comments sign in to comment!

No comments posted yet!